[Event "GER-ch Youth U14W 2020"]
[Site "Willingen"]
[Date "2020.10.22"]
[Round "4.2"]
[White "Pohle, Saskia"]
[Black "Wörz, Ann-Sophie"]
[Result "1-0"]
[ECO "B07"]
[WhiteElo "1749"]
[BlackElo "1473"]
[Annotator "NA RC"]
[PlyCount "101"]
[EventDate "2020.10.20"]
[EventType "swiss"]
[EventRounds "7"]
[EventCountry "GER"]
[SourceTitle "playchess.com"]
[Source "ChessBase"]
[SourceQuality "1"]
[TimeControl "40/5400+30:1800+30"]

1. e4 d6 2. d4 Nf6 3. Nc3 c6 4. Nf3 g6 5. Be2 Bg7 6. O-O Nbd7 7. e5 dxe5 8. dxe5 Ng4 9. e6 Nde5 10. Qxd8+ Kxd8 11. Rd1+ Ke8 12. exf7+ Nxf7 13. Ne4 Bf5 14. Nc5 Nd6 15. Ng5 Nf6 16. Bf4 Nd5 17. Bxd6 exd6 18. Nxb7 Bxc2 19. Rd2 Ba4 20. Nxd6+ Ke7 21. Nc4 Bh6 22. h4 Bb5 23. Re1 Bxg5 24. hxg5 Rhe8 25. Bf3+ Kf8 26. Rxe8+ Rxe8 27. Nd6 Re1+ 28. Kh2 Nf4 29. Nxb5 cxb5 30. Bc6 Re7 31. Bxb5 Re5 32. Rd8+ Kf7 33. Bc4+ Ke7 34. Rh8 Rxg5 35. Rxh7+ Kf6 36. g3 Rh5+ 37. Rxh5 Nxh5 38. b4 Ng7 39. a4 Ne8 40. a5 Nd6 41. Bd3 g5 42. b5 Nc8 43. Kh3 Ne7 44. b6 axb6 45. axb6 Nc6 46. b7 Ke5 47. Kg4 Kf6 48. Kh5 Nb8 49. g4 Nd7 50. Bb5 Nb8 51. f3 1-0

[Event "GER-ch Youth U14W 2020"]
[Site "Willingen"]
[Date "2020.10.22"]
[Round "4.3"]
[White "Sereda, Yaroslava"]
[Black "Zöllner, Bente"]
[Result "1-0"]
[ECO "A00"]
[WhiteElo "1756"]
[BlackElo "1630"]
[Annotator "NA RC"]
[PlyCount "59"]
[EventDate "2020.10.20"]
[EventType "swiss"]
[EventRounds "7"]
[EventCountry "GER"]
[SourceTitle "playchess.com"]
[Source "ChessBase"]
[SourceQuality "1"]
[TimeControl "40/5400+30:1800+30"]

1. g3 Nf6 2. Bg2 c5 3. Nf3 Nc6 4. d4 cxd4 5. Nxd4 g6 6. O-O Bg7 7. c4 O-O 8. Nxc6 dxc6 9. Qc2 Bf5 10. e4 Be6 11. Rd1 Qc8 12. Be3 Bh3 13. Nc3 Bxg2 14. Kxg2 Qe6 15. c5 Rfd8 16. f3 Rd7 17. Rxd7 Qxd7 18. Rd1 Qc7 19. Qb3 Nd7 20. f4 e6 21. e5 Kf8 22. Ne4 b6 23. Rd6 Ke8 24. Ng5 Bf8 25. Nxf7 Nxc5 26. Bxc5 bxc5 27. Qxe6+ Qe7 28. Ng5 h6 29. Qxg6+ Qf7 30. Qxf7# 1-0

[Event "GER-ch Youth U14W 2020"]
[Site "Willingen"]
[Date "2020.10.22"]
[Round "4.4"]
[White "Werner, Rosalie"]
[Black "Deák-Sala, Emília"]
[Result "1-0"]
[ECO "B39"]
[WhiteElo "1688"]
[BlackElo "1641"]
[Annotator "NA RC"]
[PlyCount "95"]
[EventDate "2020.10.20"]
[EventType "swiss"]
[EventRounds "7"]
[EventCountry "GER"]
[SourceTitle "playchess.com"]
[Source "ChessBase"]
[SourceQuality "1"]
[TimeControl "40/5400+30:1800+30"]

1. e4 c5 2. Nf3 Nc6 3. d4 cxd4 4. Nxd4 g6 5. c4 Bg7 6. Be3 Nf6 7. Nc3 Ng4 8. Qxg4 Nxd4 9. Qd1 Ne6 10. Qd2 d6 11. Be2 Bd7 12. O-O O-O 13. f3 Bc6 14. Rac1 Nc7 15. Rfd1 Qe8 16. b3 b5 17. cxb5 Nxb5 18. Bxb5 Bxb5 19. Nd5 Qd8 20. Nc7 Rb8 21. Bxa7 Rb7 22. Nxb5 Rxb5 23. Bd4 f6 24. Qc3 Qb8 25. Qc4+ Kh8 26. Qe6 Qb7 27. Rc2 Rb4 28. Be3 Rb5 29. Qc4 Ra5 30. Rd5 Ra6 31. Rb5 Qa8 32. a4 Qe8 33. Rb6 Ra8 34. Rb7 f5 35. Bd4 e5 36. Qc7 Rg8 37. Be3 f4 38. Bb6 Qe6 39. Qc4 Qf6 40. a5 Qh4 41. Bf2 Qf6 42. b4 Rgd8 43. Qd5 Rdc8 44. Rbc7 Rd8 45. R2c6 Rab8 46. b5 Bf8 47. Rf7 Qg5 48. Rcc7 1-0

[Event "GER-ch Youth U14W 2020"]
[Site "Willingen"]
[Date "2020.10.22"]
[Round "4.6"]
[White "Wagner, Margarethe"]
[Black "Schulz, Hannah"]
[Result "1-0"]
[ECO "B36"]
[WhiteElo "1804"]
[BlackElo "1589"]
[Annotator "NA RC"]
[PlyCount "61"]
[EventDate "2020.10.20"]
[EventType "swiss"]
[EventRounds "7"]
[EventCountry "GER"]
[SourceTitle "playchess.com"]
[Source "ChessBase"]
[SourceQuality "1"]
[TimeControl "40/5400+30:1800+30"]

1. e4 c5 2. Nf3 Nc6 3. d4 cxd4 4. Nxd4 g6 5. c4 d6 6. Be2 Nf6 7. Nc3 Nxd4 8. Qxd4 Bg7 9. Be3 O-O 10. Qd2 Be6 11. O-O Qa5 12. f3 Rfc8 13. b3 a6 14. Rac1 Bd7 {[%emt 0:02:42] B36: Sicilian: Maroczy Bind: Gurgenidze System.} 15. f4 {[%emt 0:07:28] [#]} Kf8 $146 ({Predecessor:} 15... b5 $11 {remains equal.} 16. e5 b4 17. exf6 bxc3 18. Qxc3 Qxc3 19. Rxc3 Bxf6 20. Rd3 Bf5 21. Rdd1 a5 22. Bf3 Rab8 23. g4 Be6 24. Rd3 a4 {½-½ (24) Sulypa,O (2434)-Motylev,A (2532) Lvov 1999}) 16. h3 (16. Bd4 $16) 16... Bc6 17. Bd3 b5 18. e5 dxe5 19. fxe5 Nd7 20. Qf2 Nxe5 21. Bd4 Be8 (21... Kg8 $11) 22. Be4 Nc6 (22... Rab8 $1 $14) 23. Bxg7+ Kxg7 24. Bd5 $2 ({Less strong is} 24. Bxc6 Rxc6 25. Nd5 bxc4 $11) (24. Nd5 $18) 24... f6 $2 (24... bxc4 $1 $14 25. Bxf7 Bxf7 26. Qxf7+ {[%mdl 64] Double Attack} Kh8) 25. Ne4 f5 $18 (25... Bd7 26. Nc5 (26. Nxf6 Rf8 $16 {[%mdl 64] Pin}) 26... Ra7) 26. Ng5 Bd7 27. Qb2+ e5 28. Bxc6 Bxc6 29. Qxe5+ Kf8 30. Qf6+ Ke8 31. Qf7+ 1-0

[Event "GER-ch Youth U14W 2020"]
[Site "Willingen"]
[Date "2020.10.22"]
[Round "4.7"]
[White "Ulrich, Helena Irene"]
[Black "Voigt, Anastasia"]
[Result "0-1"]
[ECO "C97"]
[WhiteElo "1610"]
[BlackElo "1562"]
[Annotator "NA RC"]
[PlyCount "62"]
[EventDate "2020.10.20"]
[EventType "swiss"]
[EventRounds "7"]
[EventCountry "GER"]
[SourceTitle "playchess.com"]
[Source "ChessBase"]
[SourceQuality "1"]
[TimeControl "40/5400+30:1800+30"]

1. e4 e5 2. Nf3 Nc6 3. Bb5 a6 4. Ba4 Nf6 5. O-O b5 6. Bb3 Be7 7. Re1 O-O 8. c3 d6 9. h3 Na5 10. Bc2 c5 11. d4 Qc7 12. d5 Bd7 13. b3 Nb7 14. c4 a5 15. a4 b4 16. Nbd2 g6 17. Nf1 Nh5 18. N1h2 Ng7 19. g4 Qc8 20. Nd2 f5 21. f3 fxg4 22. fxg4 h5 23. Rf1 hxg4 24. hxg4 Bg5 25. Rxf8+ Qxf8 26. Qf3 Bf4 27. Bd1 Qf6 28. Ndf1 Rf8 29. Qg2 Qh4 30. Be3 Bxh2+ 31. Qxh2 Rxf1+ 0-1

[Event "GER-ch Youth U14W 2020"]
[Site "Willingen"]
[Date "2020.10.22"]
[Round "4.8"]
[White "Foos, Vanessa"]
[Black "Buchholz, Maja"]
[Result "0-1"]
[ECO "C01"]
[WhiteElo "1328"]
[BlackElo "1628"]
[Annotator "NA RC"]
[PlyCount "56"]
[EventDate "2020.10.20"]
[EventType "swiss"]
[EventRounds "7"]
[EventCountry "GER"]
[SourceTitle "playchess.com"]
[Source "ChessBase"]
[SourceQuality "1"]
[TimeControl "40/5400+30:1800+30"]

1. e4 e6 2. d4 d5 3. exd5 exd5 4. c4 Nf6 5. Nc3 Be7 6. Nf3 O-O 7. Be3 Nc6 8. Bd3 dxc4 9. Bxc4 Nb4 10. O-O Nbd5 11. Re1 Bg4 12. h3 Bh5 13. Bg5 c6 14. Be2 Qa5 15. Qb3 Bb4 16. Rac1 Rfe8 17. Ne5 Bxe2 18. Rxe2 Bxc3 19. bxc3 Qa6 20. Re3 Nxe3 21. Qxf7+ Kh8 22. Bxf6 Nf5 23. g4 Rf8 24. Qb3 Nh6 25. Bg5 Qe2 26. Qxb7 Qxf2+ 27. Kh1 Rab8 28. Qxc6 Rb2 0-1

[Event "GER-ch Youth U14W 2020"]
[Site "Willingen"]
[Date "2020.10.22"]
[Round "4.9"]
[White "Fischer, Darja"]
[Black "Becker, Linda"]
[Result "0-1"]
[ECO "E00"]
[WhiteElo "1598"]
[BlackElo "1767"]
[Annotator "NA RC"]
[PlyCount "62"]
[EventDate "2020.10.20"]
[EventType "swiss"]
[EventRounds "7"]
[EventCountry "GER"]
[SourceTitle "playchess.com"]
[Source "ChessBase"]
[SourceQuality "1"]
[TimeControl "40/5400+30:1800+30"]

1. d4 e6 2. c4 Bb4+ 3. Nc3 b6 4. e4 Bb7 5. Qc2 Nc6 6. Nf3 Bxc3+ 7. bxc3 d6 8. Bd3 Nge7 9. Be3 Qd7 10. O-O O-O 11. Rad1 f5 12. exf5 exf5 13. d5 Ne5 14. Nd4 f4 15. Bc1 f3 16. Ne6 fxg2 17. Bxh7+ Kh8 18. Rfe1 Qxe6 19. Re3 Qd7 20. Qe4 Qg4 21. Qxg4 Nxg4 22. Rxe7 Kxh7 23. Rd4 Nxf2 24. Be3 Nh3+ 25. Kxg2 Bc8 26. Rxc7 Rf6 27. Rh4+ Kg8 28. Re7 Rg6+ 29. Kf1 Bf5 30. Rh5 Bd3+ 31. Ke1 Ng1 0-1

[Event "GER-ch Youth U14W 2020"]
[Site "Willingen"]
[Date "2020.10.22"]
[Round "4.10"]
[White "Roncea, Andrea-Alexandra"]
[Black "Pikki, Daria"]
[Result "0-1"]
[ECO "C50"]
[WhiteElo "1644"]
[BlackElo "1545"]
[Annotator "NA RC"]
[PlyCount "82"]
[EventDate "2020.10.20"]
[EventType "swiss"]
[EventRounds "7"]
[EventCountry "GER"]
[SourceTitle "playchess.com"]
[Source "ChessBase"]
[SourceQuality "1"]
[TimeControl "40/5400+30:1800+30"]

1. e4 e5 2. Nf3 Nc6 3. Bc4 Bc5 4. d3 Nf6 5. Bb3 d6 6. c3 h6 7. Nbd2 a6 8. O-O Bg4 9. Re1 Qd7 10. Nf1 Ba7 11. Ba4 O-O-O 12. b4 Ng8 13. b5 axb5 14. Bxb5 Nge7 15. Rb1 f5 16. Be3 fxe4 17. Bxa7 exf3 18. Qa4 Qe6 19. d4 Bf5 20. d5 Qxd5 21. Ne3 Qe4 22. c4 Qf4 23. Bxc6 bxc6 24. Qa6+ Kd7 25. Rb7 Rc8 26. Bb6 Be4 27. Qa7 Ke8 28. Rxc7 Rxc7 29. Qxc7 Rf8 30. Qxd6 fxg2 31. Nd1 Kf7 32. Bc5 Ng6 33. Qd7+ Kg8 34. Bxf8 Nxf8 35. Qd8 Kh7 36. Re3 Ng6 37. Rh3 Qg4 38. Re3 Nf4 39. Qd2 Bf3 40. Rxf3 Qxf3 41. Qc2+ e4 0-1

[Event "GER-ch Youth U14W 2020"]
[Site "Willingen"]
[Date "2020.10.22"]
[Round "4.11"]
[White "Alferova, Emily"]
[Black "Prinzen, Siri Marleen"]
[Result "0-1"]
[ECO "B10"]
[WhiteElo "1329"]
[BlackElo "1712"]
[Annotator "NA RC"]
[PlyCount "122"]
[EventDate "2020.10.20"]
[EventType "swiss"]
[EventRounds "7"]
[EventCountry "GER"]
[SourceTitle "playchess.com"]
[Source "ChessBase"]
[SourceQuality "1"]
[TimeControl "40/5400+30:1800+30"]

1. e4 c6 2. Nc3 d5 3. Nf3 dxe4 4. Nxe4 Nf6 5. Qe2 Nxe4 6. Qxe4 Qd5 7. Qh4 Qe6+ 8. Be2 Qg4 9. Qxg4 Bxg4 10. h3 Bc8 11. d4 Nd7 12. c3 b6 13. Bf4 Bb7 14. Ne5 Nf6 15. Bf3 Nd5 16. Bg3 e6 17. a3 f6 18. Nd3 Kf7 19. Nb4 Rd8 20. Nxd5 cxd5 21. O-O h5 22. h4 g6 23. Bf4 Ba6 24. Rfe1 Bd3 25. g3 Be7 26. Re3 Bf5 27. Kg2 g5 28. hxg5 fxg5 29. Be5 g4 30. Bxh8 gxf3+ 31. Rxf3 Rxh8 32. Re3 Be4+ 33. f3 Bg5 34. Re2 Bf5 35. Rh1 h4 36. g4 Bg6 37. Kh3 Kf6 38. Rhe1 Bf7 39. Rf1 Bf4 40. Rd1 Kg5 41. Rf1 Rh6 42. Rd1 Be8 43. b3 Bb5 44. Rc2 Rf6 45. a4 Bc6 46. Rf1 Bg3 47. Re2 b5 48. Ra2 bxa4 49. bxa4 a5 50. Kg2 Kf4 51. Kh3 Bd7 52. Rc1 Kg5 53. Rf1 Bc8 54. Kg2 Ba6 55. Rc1 Kf4 56. Rh1 Ke3 57. Ra3 Bc4 58. g5 Rxf3 59. Rb1 Rf2+ 60. Kh3 Rh2+ 61. Kg4 Be2# 0-1

[Event "GER-ch Youth U14W 2020"]
[Site "Willingen"]
[Date "2020.10.22"]
[Round "4.12"]
[White "Lorenz, Anouk"]
[Black "Kanno, Clara Yumi"]
[Result "1-0"]
[ECO "B90"]
[WhiteElo "1504"]
[BlackElo "1127"]
[Annotator "NA RC"]
[PlyCount "119"]
[EventDate "2020.10.20"]
[EventType "swiss"]
[EventRounds "7"]
[EventCountry "GER"]
[SourceTitle "playchess.com"]
[Source "ChessBase"]
[SourceQuality "1"]
[TimeControl "40/5400+30:1800+30"]

1. e4 c5 2. Nf3 d6 3. d4 cxd4 4. Nxd4 Nf6 5. Nc3 a6 6. a4 Nc6 7. Be2 e6 8. O-O Be7 9. Be3 O-O 10. Qd2 Qc7 11. a5 Nxa5 12. b3 Nc6 13. f3 b5 14. Ndxb5 Qd7 15. Ra4 Bb7 16. Nd4 Rfc8 17. Rfa1 Qc7 18. Bxa6 Bxa6 19. Rxa6 Rxa6 20. Rxa6 Nxd4 21. Bxd4 e5 22. Ra7 Qc6 23. Rxe7 exd4 24. Ne2 Qb6 25. Qxd4 Qc5 26. Qxc5 dxc5 27. c4 Kf8 28. Rb7 Ke8 29. Kf2 Nd7 30. Ke3 Nb8 31. Nc3 Nc6 32. Nb5 Rd8 33. Rc7 Na5 34. Rxc5 Nxb3 35. Rd5 Rc8 36. Nd6+ Kd7 37. Nxc8+ Kxc8 38. c5 Kc7 39. Kd3 Kc6 40. Rd6+ Kxc5 41. Rd7 Nc1+ 42. Kc2 Ne2 43. Rxf7 Nd4+ 44. Kd3 Ne6 45. f4 Kd6 46. Kc4 h5 47. e5+ Kc6 48. f5 Nc5 49. Rxg7 Nd7 50. Rxd7 Kxd7 51. Kd5 Ke7 52. f6+ Kf7 53. Kd6 Ke8 54. e6 h4 55. f7+ Kf8 56. Kd7 h3 57. e7+ Kxf7 58. e8=Q+ Kf6 59. gxh3 Kg5 60. Qf8 1-0

[Event "GER-ch Youth U14W 2020"]
[Site "Willingen"]
[Date "2020.10.22"]
[Round "4.13"]
[White "Petersen, Sophie"]
[Black "Sinner, Joselyne"]
[Result "1-0"]
[ECO "C86"]
[WhiteElo "1524"]
[BlackElo "1414"]
[Annotator "NA RC"]
[PlyCount "47"]
[EventDate "2020.10.20"]
[EventType "swiss"]
[EventRounds "7"]
[EventCountry "GER"]
[SourceTitle "playchess.com"]
[Source "ChessBase"]
[SourceQuality "1"]
[TimeControl "40/5400+30:1800+30"]

1. e4 e5 2. Nf3 Nc6 3. Bb5 a6 4. Ba4 Nf6 5. O-O Be7 6. Qe2 b5 7. Bb3 O-O 8. d4 Nxd4 9. Nxd4 exd4 10. e5 Ne8 11. c3 dxc3 12. Nxc3 c5 13. Bd5 Rb8 14. Bf4 Rb6 15. Rad1 Nc7 16. Be4 Ne6 17. Be3 Rb8 18. f4 Nd4 19. Bxd4 cxd4 20. Nd5 Bc5 21. Qh5 h6 22. Nf6+ gxf6 23. Qxh6 Re8 24. Bh7+ 1-0

[Event "GER-ch Youth U14W 2020"]
[Site "Willingen"]
[Date "2020.10.23"]
[Round "5.1"]
[White "Pohle, Saskia"]
[Black "Bildat, Emilia"]
[Result "1-0"]
[ECO "B38"]
[WhiteElo "1749"]
[BlackElo "1704"]
[Annotator "NA RC"]
[PlyCount "49"]
[EventDate "2020.10.20"]
[EventType "swiss"]
[EventRounds "7"]
[EventCountry "GER"]
[SourceTitle "playchess.com"]
[Source "ChessBase"]
[SourceQuality "1"]
[TimeControl "40/5400+30:1800+30"]

1. e4 c5 2. Nf3 g6 3. d4 cxd4 4. Nxd4 Bg7 5. c4 Nc6 6. Be3 Nf6 7. Nc3 d6 8. Be2 O-O 9. f3 Bd7 10. Qd2 Nxd4 11. Bxd4 Bc6 12. O-O-O a6 13. g4 Rc8 14. Kb1 h5 15. h4 hxg4 16. h5 Re8 17. hxg6 fxg6 18. Qg5 e5 19. Be3 Kf7 20. c5 gxf3 21. Bc4+ Kf8 22. Qxg6 Qe7 23. Rdg1 Bb5 24. Rh8+ Bxh8 25. Qg8+ 1-0

[Event "GER-ch Youth U14W 2020"]
[Site "Willingen"]
[Date "2020.10.23"]
[Round "5.2"]
[White "Zhou, Lepu Coco"]
[Black "Sereda, Yaroslava"]
[Result "1-0"]
[ECO "B11"]
[WhiteElo "1872"]
[BlackElo "1756"]
[Annotator "NA RC"]
[PlyCount "97"]
[EventDate "2020.10.20"]
[EventType "swiss"]
[EventRounds "7"]
[EventCountry "GER"]
[SourceTitle "playchess.com"]
[Source "ChessBase"]
[SourceQuality "1"]
[TimeControl "40/5400+30:1800+30"]

1. e4 c6 2. Nc3 d5 3. Nf3 Bg4 4. h3 Bxf3 5. Qxf3 e6 6. exd5 cxd5 7. d4 Nc6 8. Be3 Nf6 9. Bd3 a6 {[%emt 0:10:23] B11: Caro-Kann: Two Knights Variation.} 10. O-O Nb4 {[%emt 0:08:39] [#]} 11. Bf4 $146 ({Predecessor:} 11. Qg3 Nxd3 12. cxd3 Nh5 13. Qe5 Nf6 14. Bg5 Bd6 15. Bxf6 gxf6 16. Qh5 O-O 17. Rae1 {½-½ (63) Bango,L (2180)-Kalmar,T (2079) Slovakia 2018}) 11... Bd6 12. Bxd6 Qxd6 13. a3 Nxd3 14. Qxd3 O-O 15. Na4 Ne4 16. c4 Qc6 17. cxd5 exd5 18. b3 Rac8 19. f3 b5 20. fxe4 dxe4 21. Qe3 bxa4 22. Rac1 Qd5 23. b4 f5 24. Rc5 Rxc5 25. dxc5 Rd8 26. Rc1 Qb3 27. Qc3 $2 (27. Qg5 $11 {and White has nothing to worry.} Re8 28. c6) 27... Rd1+ (27... Kf7 $17 28. c6 Qxc3 29. Rxc3 Ke7) 28. Kh2 Qxc3 $1 29. Rxc3 Rd7 30. Kg3 Kf7 31. Kf4 Kf6 32. Ke3 g5 33. c6 Rc7 34. Kd4 Ke6 35. Kc5 f4 36. Kb6 $1 Kd6 37. Rc1 Re7 38. c7 Re8 39. c8=Q Rxc8 40. Rxc8 e3 41. Re8 h5 42. Kxa6 g4 43. hxg4 hxg4 44. b5 Kd5 45. b6 Kd4 46. b7 f3 47. gxf3 gxf3 48. b8=Q f2 49. Qb5 1-0

[Event "GER-ch Youth U14W 2020"]
[Site "Willingen"]
[Date "2020.10.23"]
[Round "5.3"]
[White "Voigt, Anastasia"]
[Black "Werner, Rosalie"]
[Result "0-1"]
[ECO "C03"]
[WhiteElo "1562"]
[BlackElo "1688"]
[Annotator "NA RC"]
[PlyCount "72"]
[EventDate "2020.10.20"]
[EventType "swiss"]
[EventRounds "7"]
[EventCountry "GER"]
[SourceTitle "playchess.com"]
[Source "ChessBase"]
[SourceQuality "1"]
[TimeControl "40/5400+30:1800+30"]

1. e4 e6 2. d4 d5 3. Nd2 Be7 4. e5 c5 5. c3 Qb6 6. Ndf3 Bd7 7. Bd3 Bb5 8. Bc2 Nc6 9. Be3 cxd4 10. Nxd4 Nxd4 11. Bxd4 Bc5 12. Bxc5 Qxc5 13. Ne2 Ne7 14. a4 Bxe2 15. Qxe2 Qc7 16. O-O O-O 17. Kh1 Rac8 18. Rad1 Nc6 19. f4 g6 20. Bb1 f5 21. g4 Ne7 22. h4 Rf7 23. h5 Qc6 24. Rd4 Rcf8 25. Rg1 Rg7 26. Rg2 Kf7 27. Qf2 gxh5 28. gxf5 Nxf5 29. Bxf5 exf5 30. Rxg7+ Kxg7 31. Qg3+ Kh8 32. Qf3 Rd8 33. Qxh5 Rf8 34. Qd1 Qh6+ 35. Kg2 Rg8+ 36. Kf1 Qh2 0-1

[Event "GER-ch Youth U14W 2020"]
[Site "Willingen"]
[Date "2020.10.23"]
[Round "5.4"]
[White "Cordes, Jule"]
[Black "Wagner, Margarethe"]
[Result "0-1"]
[ECO "E61"]
[WhiteElo "1718"]
[BlackElo "1804"]
[Annotator "NA RC"]
[PlyCount "70"]
[EventDate "2020.10.20"]
[EventType "swiss"]
[EventRounds "7"]
[EventCountry "GER"]
[SourceTitle "playchess.com"]
[Source "ChessBase"]
[SourceQuality "1"]
[TimeControl "40/5400+30:1800+30"]

1. d4 Nf6 2. c4 g6 3. Nc3 Bg7 4. Nf3 O-O 5. Bg5 d6 6. e3 c5 7. d5 {[%emt 0:04:01] is the new trend.} h6 8. Bh4 Qb6 {[%emt 0:02:04] E61: King's Indian: Early deviations for White, including Smyslov System.} 9. Qc2 {[%emt 0:02:08] [#]} e6 $146 ({Predecessor:} 9... g5 $5 10. Bg3 Bf5 $11 11. e4 Bg6 12. Bd3 Nh5 13. O-O Nd7 14. Rfe1 Nxg3 15. hxg3 Qa5 {1-0 (60) Arab,A (2441)-Salem,A (2586) Sharjah 2014}) 10. Be2 e5 11. O-O Nh7 12. e4 f5 {[%emt 0:05:55] [#]} 13. exf5 $1 gxf5 14. Nd2 Nd7 15. a3 (15. Bh5 $16) 15... e4 16. Rab1 a6 17. b4 cxb4 18. axb4 Qd4 19. Na4 Qe5 {[%emt 0:04:29] [#]} (19... b5 $16) 20. c5 $1 dxc5 (20... Ng5 {is a better defense.} 21. c6 Nf6) 21. bxc5 b5 (21... Ng5 $142 22. c6 bxc6) 22. cxb6 Bb7 23. Rfd1 Rfc8 24. Qa2 Kh8 25. Bc4 Ng5 $18 (25... Nhf8 $16) 26. Nf1 f4 27. d6 e3 28. fxe3 fxe3 29. Bg3 Qe4 30. Bd5 Bxd5 31. Rxd5 Rc2 32. Qxc2 Qxc2 33. b7 Rb8 34. Rb4 e2 35. Ne3 Qc1+ 0-1

[Event "GER-ch Youth U14W 2020"]
[Site "Willingen"]
[Date "2020.10.23"]
[Round "5.5"]
[White "Wörz, Ann-Sophie"]
[Black "Becker, Linda"]
[Result "0-1"]
[ECO "A14"]
[WhiteElo "1473"]
[BlackElo "1767"]
[Annotator "NA RC"]
[PlyCount "62"]
[EventDate "2020.10.20"]
[EventType "swiss"]
[EventRounds "7"]
[EventCountry "GER"]
[SourceTitle "playchess.com"]
[Source "ChessBase"]
[SourceQuality "1"]
[TimeControl "40/5400+30:1800+30"]

1. c4 e6 2. g3 Nf6 3. Bg2 d5 4. Nf3 Be7 5. O-O O-O 6. b3 b6 7. Bb2 Bb7 8. h3 Nbd7 9. Re1 c5 10. cxd5 Nxd5 11. d4 Qc7 12. Nc3 Rac8 13. Rc1 Qb8 14. Nxd5 Bxd5 15. Kh2 Rfd8 16. Rh1 Nf6 17. Qe1 Bxf3 18. Bxf3 cxd4 19. Rxc8 Qxc8 20. g4 e5 21. g5 Nd5 22. Qd2 Nf4 23. Bg4 Qc6 24. f3 Bxg5 25. Rc1 Qh6 26. Rc8 Rxc8 27. Bxc8 Nxh3 28. Qc2 Nf4+ 29. Kg1 Qh4 30. Bd7 Qe1+ 31. Kh2 Qf2+ 0-1

[Event "GER-ch Youth U14W 2020"]
[Site "Willingen"]
[Date "2020.10.23"]
[Round "5.6"]
[White "Buchholz, Maja"]
[Black "Hubert, Charlotte"]
[Result "1/2-1/2"]
[ECO "A37"]
[WhiteElo "1628"]
[BlackElo "1438"]
[Annotator "NA RC"]
[PlyCount "130"]
[EventDate "2020.10.20"]
[EventType "swiss"]
[EventRounds "7"]
[EventCountry "GER"]
[SourceTitle "playchess.com"]
[Source "ChessBase"]
[SourceQuality "1"]
[TimeControl "40/5400+30:1800+30"]

1. g3 c5 2. Bg2 g6 3. Nf3 Bg7 4. c4 Nc6 5. Nc3 e6 6. Ne4 d6 7. d3 d5 8. Ned2 Nge7 9. Rb1 O-O 10. a3 a5 11. b3 b6 12. h4 h6 13. Bb2 d4 14. O-O Bb7 15. Ne1 Qc7 16. Ndf3 e5 17. Nc2 f5 18. Nd2 g5 19. hxg5 hxg5 20. e3 Nd8 21. exd4 cxd4 22. b4 a4 23. Bxb7 Nxb7 24. Kg2 g4 25. Rh1 Qc6+ 26. f3 Rad8 27. Qe2 Ng6 28. Rbf1 Rde8 29. Ne1 gxf3+ 30. Qxf3 e4 31. Qh5 exd3+ 32. Qf3 Re2+ 33. Rf2 Qxf3+ 34. Nexf3 Rd8 35. Re1 Re3 36. Nf1 Rxe1 37. Nxe1 Rc8 38. Nxd3 Rxc4 39. Rxf5 Rc2+ 40. Rf2 Rxf2+ 41. Kxf2 Nd6 42. Nd2 Ne7 43. Nf4 Kf7 44. g4 b5 45. Nh5 Bh8 46. Bc1 Nd5 47. Ke2 Ke6 48. Kd3 Ne3 49. Nf4+ Kf7 50. Nf3 Nxg4 51. Nxd4 Nf2+ 52. Ke3 Nc4+ 53. Kxf2 Bxd4+ 54. Ke2 Bb2 55. Kd1 Bxc1 56. Kxc1 Nxa3 57. Ne2 Ke6 58. Kb2 Nc4+ 59. Kc3 Ke5 60. Kc2 Kd5 61. Nc3+ Kc6 62. Ne2 Nb6 63. Nd4+ Kd5 64. Kd3 Nc4 65. Nxb5 Nb2+ 1/2-1/2

[Event "GER-ch Youth U14W 2020"]
[Site "Willingen"]
[Date "2020.10.23"]
[Round "5.7"]
[White "Prinzen, Siri Marleen"]
[Black "Petersen, Sophie"]
[Result "1-0"]
[ECO "B90"]
[WhiteElo "1712"]
[BlackElo "1524"]
[Annotator "NA RC"]
[PlyCount "113"]
[EventDate "2020.10.20"]
[EventType "swiss"]
[EventRounds "7"]
[EventCountry "GER"]
[SourceTitle "playchess.com"]
[Source "ChessBase"]
[SourceQuality "1"]
[TimeControl "40/5400+30:1800+30"]

1. e4 c5 2. Nc3 d6 3. Nge2 Nf6 4. d4 cxd4 5. Nxd4 a6 6. f3 e5 7. Nb3 Be6 8. Bg5 Nbd7 9. Qd2 h6 10. Be3 h5 11. O-O-O Be7 12. Be2 b5 13. Kb1 Qc7 14. f4 b4 15. Nd5 Bxd5 16. exd5 a5 17. fxe5 Nxe5 18. Bb5+ Nfd7 19. Nd4 O-O 20. Nf5 Bf6 21. Bg5 Qd8 22. Bxf6 Nxf6 23. Rhf1 Rb8 24. Qg5 Ng6 25. Bd3 Nxd5 26. Nh6+ gxh6 27. Qxd5 Qg5 28. Bxg6 Qxd5 29. Bh7+ Kxh7 30. Rxd5 a4 31. Ra5 a3 32. bxa3 bxa3+ 33. Kc1 Rbd8 34. Rxa3 f5 35. Ra5 Kg6 36. Kd2 d5 37. a4 Ra8 38. Rxa8 Rxa8 39. Ra1 Kf6 40. a5 Ke5 41. Kd3 Kd6 42. a6 Kc5 43. c3 f4 44. a7 h4 45. h3 h5 46. Ra2 Kb6 47. Kd4 Kc6 48. c4 dxc4 49. Kxc4 Kb6 50. Kb4 Kc6 51. Ra6+ Kb7 52. Kb5 Rxa7 53. Rxa7+ Kxa7 54. Kc5 Kb7 55. Kd5 Kc7 56. Ke5 Kd7 57. Kxf4 1-0

[Event "GER-ch Youth U14W 2020"]
[Site "Willingen"]
[Date "2020.10.23"]
[Round "5.8"]
[White "Zöllner, Bente"]
[Black "Schulz, Hannah"]
[Result "1-0"]
[ECO "A43"]
[WhiteElo "1630"]
[BlackElo "1589"]
[Annotator "NA RC"]
[PlyCount "93"]
[EventDate "2020.10.20"]
[EventType "swiss"]
[EventRounds "7"]
[EventCountry "GER"]
[SourceTitle "playchess.com"]
[Source "ChessBase"]
[SourceQuality "1"]
[TimeControl "40/5400+30:1800+30"]

1. d4 Nf6 2. Nf3 c5 3. d5 g6 4. Nc3 Bg7 5. e4 d6 6. h3 O-O 7. Be2 a6 8. a4 a5 9. O-O Nbd7 10. Bb5 Nb6 11. Qe2 Bd7 12. Bd2 Qc7 13. Rab1 Rfc8 14. Rfc1 Bxb5 15. Nxb5 Qd7 16. b3 Ne8 17. Qe1 Nc7 18. Nxc7 Qxc7 19. Bxa5 Ra6 20. Bc3 Bh6 21. Bd2 Bxd2 22. Qxd2 c4 23. Qh6 f6 24. Nd4 e5 25. dxe6 Qe7 26. f4 Ra5 27. f5 g5 28. Nb5 d5 29. exd5 Nxd5 30. Rd1 Nb6 31. Rd4 cxb3 32. cxb3 Raa8 33. h4 gxh4 34. Rg4+ Kh8 35. Nd6 Rf8 36. Nf7+ Rxf7 37. exf7 Qxf7 38. Re1 Rd8 39. Rxh4 Nd7 40. Qh5 Qg8 41. Re7 Nf8 42. Qf7 Qxf7 43. Rxf7 Kg8 44. Rxb7 Rd1+ 45. Kf2 Rd5 46. Rg4+ Kh8 47. Rb8 1-0

[Event "GER-ch Youth U14W 2020"]
[Site "Willingen"]
[Date "2020.10.23"]
[Round "5.9"]
[White "Pikki, Daria"]
[Black "Lorenz, Anouk"]
[Result "1-0"]
[ECO "A85"]
[WhiteElo "1545"]
[BlackElo "1504"]
[Annotator "NA RC"]
[PlyCount "87"]
[EventDate "2020.10.20"]
[EventType "swiss"]
[EventRounds "7"]
[EventCountry "GER"]
[SourceTitle "playchess.com"]
[Source "ChessBase"]
[SourceQuality "1"]
[TimeControl "40/5400+30:1800+30"]

1. d4 f5 2. c4 Nf6 3. Nc3 g6 4. Nf3 Bg7 5. g3 O-O 6. Bg2 d6 7. O-O Qe8 8. b3 e5 9. dxe5 dxe5 10. e4 c6 11. Bb2 Na6 12. Qe2 f4 13. Qd2 Rf7 14. Qd6 Ng4 15. Qd2 Nc5 16. Qe2 h6 17. Nh4 Re7 18. Rad1 Nf6 19. Ba3 b6 20. Rd6 g5 21. Nf5 Bxf5 22. exf5 Rc8 23. Qd2 Rd7 24. Bxc5 bxc5 25. Rxd7 Nxd7 26. Rd1 Nf6 27. Qd6 Qf8 28. Qe6+ Kh8 29. Bxc6 Qg8 30. Bd5 Qf8 31. Qa6 Rc7 32. Nb5 Rd7 33. Nxa7 Nxd5 34. Rxd5 Rxd5 35. cxd5 Qxf5 36. Qe6 Qxe6 37. dxe6 Bf6 38. Nc6 Kg7 39. a4 e4 40. a5 fxg3 41. hxg3 Bd4 42. a6 Kf6 43. Nxd4 cxd4 44. a7 1-0